 Dungeon Crawl Stone Soup version 0.31.0-11-ge490571c62 (webtiles) character file.

Game seed: 14720891925337749143

897 qw the Skirmisher (level 7, 0/40 HPs)
             Began as a Deep Elf Hunter on Feb 3, 2024.
             Was a Follower of Okawaru.
             Slain by an orc wizard
             ... wielding a +0 dagger
              (4 damage)
             ... on level 5 of the Dungeon.
             The game lasted 00:00:14 (2972 turns).

qw the Skirmisher (Deep Elf Hunter)                 Turns: 2972, Time: 00:00:14

Health: 0/40       AC: 19    Str: 10    XL:     7   Next: 79%
Magic:  9/9        EV: 12    Int: 14    God:    Okawaru [*.....]
Gold:   151        SH:  0    Dex: 24    Spells: 6/6 levels left

rFire   . . .        a - +1 shortbow (freeze)
rCold   . . .        (shield currently unavailable)
rNeg    . . .        n - +3 ring mail
rPois   .            (no helmet)
rElec   .            g - +2 cloak
rCorr   .            f - +2 pair of gloves
SInv    .            e - +0 pair of boots
Will    .....        (no amulet)
Stlth   ++           l - +4 ring of protection
HPRegen 0.26/turn    p - +6 ring of dexterity
MPRegen 0.11/turn

%: no passive effects
@: no status effects
A: no striking features
a: Renounce Religion, Heroism


You were on level 5 of the Dungeon.
You worshipped Okawaru.
Okawaru was aware of your devotion.
You visited 1 branch of the dungeon, and saw 5 of its levels.

You collected 151 gold pieces.


   Skills:
 - Level 2.0 Fighting
 + Level 11.7 Ranged Weapons
 - Level 1.1 Armour
 - Level 4.0 Dodging
 - Level 1.2 Stealth
 + Level 0.8 Invocations


You had 6 spell levels left.
You didn't know any spells.
Your spell library was empty.

Inventory:

Hand Weapons
 a - a +1 shortbow of freezing (weapon)
Armour
 e - a +0 pair of boots (worn)
 f - a +2 pair of gloves (worn)
 g - a +2 cloak (worn)
 m - the +1 robe "Remu Qin" {Fly Str-3 Int+7}
   (You found it on level 5 of the Dungeon)

   Str-3:     It affects your strength (-3).
   Int+7:     It affects your intelligence (+7).
   Fly:       It grants you flight.
 n - a +3 ring mail (worn)
Jewellery
 d - a ring of wizardry
 l - a +4 ring of protection (left hand)
 p - a +6 ring of dexterity (right hand)
Wands
 q - a wand of polymorph (17)
Scrolls
 c - 2 scrolls of poison {unknown}
 j - a scroll of amnesia {unknown}
 k - 3 scrolls of identify
Potions
 b - 3 potions of curing
 h - a potion of mutation
 i - a potion of heal wounds {unknown}
 o - a potion of magic {unknown}

Dungeon Overview and Level Annotations

Branches:
Dungeon (5/15)
 Temple: D:4-7

Altars:
Nemelex Xobeh
Okawaru
Zin

Annotations:
D:4 2 transporters, qw's ghost, amateur DEHu


Message History

The orc priest mumbles some strange prayers to Beogh against you.
Beogh smites you!
You shoot an arrow. The arrow hits the orc!
The arrow freezes the orc.
You kill the orc!
Okawaru accepts your kill.
The orc wizard points at you and mumbles some strange words.
The magic dart hits you.
You shoot an arrow. The arrow hits the orc.
The arrow freezes the orc.
The orc is almost dead.
The orc barely misses you.
The orc priest mumbles some strange prayers to Beogh against you.
Beogh smites you!
You shoot an arrow. The arrow hits the orc.
The arrow freezes the orc.
You kill the orc!
Okawaru accepts your kill.
You shoot an arrow.
The arrow closely misses the orc wizard.
The orc priest casts a cantrip, but nothing happens.
You shoot an arrow. The arrow hits the orc wizard.
The arrow freezes the orc wizard.
The orc wizard is lightly wounded.
The orc wizard hits you but does no damage.
You shoot an arrow. The arrow hits the orc wizard.
The arrow freezes the orc wizard.
The orc wizard is moderately wounded.
The orc wizard points at you and mumbles some strange words.
The magic dart hits you!
You shoot an arrow.
The arrow hits the orc wizard but does no damage.
The orc wizard is moderately wounded.
The orc wizard misses you.
You shoot an arrow. The arrow barely misses the orc wizard.
The orc priest looks encouraged for a moment.
You shoot an arrow. The arrow barely misses the orc wizard.
The orc wizard closely misses you.
The orc priest calls upon Beogh to heal the orc wizard.
The orc wizard's wounds heal themselves!
You shoot an arrow. The arrow barely misses the orc wizard.
The orc wizard hits you with a +0 dagger.
You die...

#####........ ........####
#...#..................+...
#...#..................#...
######..#.[................#[..
##...##..#..............#####...
#........#.............. #...
#....###'#......... #...
#....#.........###+# #...
#....#.........@o..# #...
######.........#)..+ #...
#..............#o..# #...
#..............#...# ..##...
#.....####.....#...# .......
#.....# #.....#...# .......
#.....# #.....#...# .......
#.....######+###...# .......
######....# .......


You could see an orc priest and an orc wizard.

Vanquished Creatures
  Pikel (D:5)
  An ogre (D:5)
  2 lemures (D:5)
  A scorpion (D:4)
  A howler monkey (D:5)
  3 hounds (D:5)
  An iguana (D:5)
  A sleepcap (D:5)
  Terence (D:3)
  3 gnolls (D:5)
  4 adders
  2 ribbon worms
  3 dart slugs
  4 orcs (D:5)
  2 ball pythons
  2 endoplasms
  3 giant cockroaches
  4 goblins
  5 hobgoblins
  4 jackals (D:4)
  4 quokkas
  2 bats
  A frilled lizard (D:2)
  3 rats
58 creatures vanquished.

Notes
Turn   | Place    | Note
-------+----------+-------------------------------------------
     0 | D:1      | qw the Deep Elf Hunter began the quest for the Orb.
     0 | D:1      | Reached XP level 1. HP: 12/12 MP: 3/3
     0 | D:1      | 0 ||| qw: Version: 0.3-a-157-g843a77d
     0 | D:1      | 0 ||| qw: Game counter: 3745
     0 | D:1      | 0 ||| qw: Melee chars always use a shield: true
     0 | D:1      | 0 ||| qw: God list: Okawaru
     0 | D:1      | 0 ||| qw: Allow faded altars: false
     0 | D:1      | 0 ||| qw: Do Orc after clearing Dungeon:15 true
     0 | D:1      | 0 ||| qw: Do second Lair branch before Depths: true
     0 | D:1      | 0 ||| qw: Lair rune preference: random
     0 | D:1      | 0 ||| qw: Goals: Normal
     0 | D:1      | 0 ||| PLANNING D:1-11
   669 | D:1      | 669 ||| UPGRADING to +0 pair of gloves.
   674 | D:1      | 674 ||| READING 3 scrolls labelled YZXOMI WOLEDOX.
   674 | D:1      | 674 ||| IDENTIFYING bubbling green potion
   675 | D:1      | 675 ||| READING 2 scrolls of identify.
   675 | D:1      | 675 ||| IDENTIFYING dark potion
   676 | D:1      | 676 ||| READING scroll of identify.
   676 | D:1      | 676 ||| IDENTIFYING 2 scrolls labelled WELICHI AZXA CUMM
   677 | D:1      | 677 ||| DROPPING scroll of butterflies.
   678 | D:1      | 678 ||| DROPPING potion of brilliance.
   679 | D:1      | 679 ||| DROPPING 2 scrolls of immolation.
   763 | D:2      | Reached XP level 2. HP: 16/16 MP: 4/4
   801 | D:2      | Reached skill level 6 in Ranged Weapons
   872 | D:2      | Found a faded altar of an unknown god.
  1093 | D:2      | Reached XP level 3. HP: 20/20 MP: 5/5
  1221 | D:2      | 1221 ||| READING scroll labelled KUHYOBOTIU.
  1221 | D:2      | 1221 ||| BRANDING +0 shortbow.
  1222 | D:2      | 1222 ||| READING scroll labelled ZAGIGU UZAKHLEQ.
  1439 | D:3      | Reached skill level 7 in Ranged Weapons
  1627 | D:3      | Noticed Terence
  1635 | D:3      | Killed Terence
  1636 | D:3      | Reached XP level 4. HP: 25/25 MP: 6/6
  1792 | D:3      | Found a glowing silver altar of Zin.
  1796 | D:3      | 1796 ||| UPGRADING to +0 pair of boots.
  1801 | D:3      | 1801 ||| UPGRADING to +2 cloak.
  1806 | D:3      | 1806 ||| UPGRADING to +0 ring mail.
  1816 | D:3      | 1816 ||| DROPPING +0 leather armour.
  1817 | D:3      | 1817 ||| UPGRADING to +3 ring mail.
  1827 | D:3      | 1827 ||| DROPPING +0 ring mail.
  1828 | D:3      | 1828 ||| UPGRADING to +4 ring of protection.
  1829 | D:3      | 1829 ||| UPGRADING to +6 ring of dexterity.
  1830 | D:3      | 1830 ||| READING scroll labelled QEPTEN QEXZE.
  1931 | D:3      | 1931 ||| READING scroll labelled YTYGEL EL OHO.
  1932 | D:3      | 1932 ||| READING scroll labelled DISOYCO RETUXT.
  1932 | D:3      | 1932 ||| ENCHANTING +0 pair of gloves.
  1933 | D:3      | 1933 ||| DRINKING 2 smoky sapphire potions.
  2011 | D:4      | 2011 ||| READING scroll of enchant armour.
  2011 | D:4      | 2011 ||| ENCHANTING +1 pair of gloves.
  2027 | D:4      | Identified the +8 dagger of Unpleasantness {flame, ^Contam
                  | Str+3 Int+6}
  2144 | D:4      | Reached skill level 8 in Ranged Weapons
  2171 | D:4      | Noticed a scorpion
  2173 | D:4      | 2173 ||| DRINKING potion of haste.
  2177 | D:4      | Killed a scorpion
  2178 | D:4      | Reached skill level 3 in Dodging
  2178 | D:4      | Reached XP level 5. HP: 29/29 MP: 7/7
  2228 | D:4      | Found a sparkling altar of Nemelex Xobeh.
  2241 | D:4      | Found a transporter.
  2245 | D:4      | Found a transporter.
  2246 | D:4      | Noticed qw's ghost (amateur DEHu)
  2246 | D:4      | Identified the +1 dire flail "Hatra" {freeze, rF+ rN+}
  2246 | D:4      | Noticed an ogre
  2252 | D:4      | Noticed an ogre
  2329 | D:4      | Found an iron altar of Okawaru.
  2330 | D:4      | 2330 ||| PLANNING OKAWARU WORSHIP
  2333 | D:4      | 2333 ||| READING 2 scrolls of identify.
  2333 | D:4      | 2333 ||| IDENTIFYING viscous white potion
  2334 | D:4      | 2334 ||| READING scroll of identify.
  2334 | D:4      | 2334 ||| IDENTIFYING sapphire potion
  2335 | D:4      | 2335 ||| READING scroll labelled CAONNO FOCWUNU.
  2335 | D:4      | 2335 ||| ENCHANTING +0 shortbow of freezing.
  2336 | D:4      | 2336 ||| READING scroll labelled FIUCURRUKE.
  2337 | D:4      | 2337 ||| DROPPING potion of ambrosia.
  2345 | D:4      | Became a worshipper of Warmaster Okawaru
  2346 | D:4      | 2346 ||| PLANNING D:1-11
  2363 | D:4      | 2363 ||| READING scroll labelled ERCHIS YRUEQU.
  2391 | D:5      | Entered Level 5 of the Dungeon
  2455 | D:5      | Reached skill level 1 in Armour
  2578 | D:5      | Reached XP level 6. HP: 33/34 MP: 8/8
  2611 | D:5      | Reached skill level 9 in Ranged Weapons
  2750 | D:5      | Identified the +1 robe "Remu Qin" {Fly Str-3 Int+7}
  2793 | D:5      | Noticed Pikel
  2807 | D:5      | Killed Pikel
  2807 | D:5      | Reached * piety under Okawaru
  2808 | D:5      | Reached skill level 11 in Ranged Weapons
  2808 | D:5      | Reached XP level 7. HP: 26/40 MP: 9/9
  2964 | D:5      | HP: 9/40 [orc priest/divine providence (13)]
  2968 | D:5      | HP: 3/40 [orc wizard/magic dart (7)]
  2972 | D:5      | Slain by an orc wizard

Levels and vault maps discovered:
D:1:      lightli_arrival_maybe_door_vault, layout_basic,
          hangedman_decor_growths
D:2:      layout_loops_cross, nicolae_ecumenical_oubliette,
          grunt_decor_mini_mirrors
D:3:      layout_rooms, zin_scriptorium, uniq_terence
D:4:      layout_rooms, kennysheep_okawaru_gauntlet,
          nemelex_diamond_rough_becter, gammafunk_ghost_smash, serial_glass,
          glass_columns_c, glass_columns_b
D:5:      wander_river, layout_gridville, uniq_pikel

Skill      XL: |  1  2  3  4  5  6  7 |
---------------+----------------------+-----
Ranged Weapons | 6 7 8 11 | 11.7
Dodging        | 3 4 |  4.0
Armour         | 1 |  1.1
Fighting       | 2 |  2.0
Stealth        | |  1.2
Invocations    | |  0.8

Action                     |  1- 3 |  4- 6 |  7- 9 || total
---------------------------+-------+-------+-------++-------
  Melee: Unarmed           |       |    15 |       ||    15
   Fire: Shortbow          |    63 |    90 |    22 ||   175
    Use: Scroll            |     5 |     9 |       ||    14
         Potion            |       |     2 |       ||     2
   Stab: Confused          |       |     3 |       ||     3
 Armour: Leather armour    |    12 |       |       ||    12
         Ring mail         |       |    15 |     7 ||    22
         Skin              |       |     8 |       ||     8
  Dodge: Dodged            |    12 |    49 |     6 ||    67

Table legend:
 A = Non-vault XP
 B = Vault XP
 C = Vault XP percentage of total XP
 D = Non-vault monster count
 E = Vault monster count
 F = Vault count percentage of total count
                 A         B        C        D         E       F
            +---------+---------+-------+---------+---------+-------
      Total |     629 |     653 |  50.9 |      52 |       4 |   7.1
            +---------+---------+-------+---------+---------+-------
        D:1 |      10 |       0 |   0.0 |       6 |       0 |   0.0
        D:2 |      42 |       0 |   0.0 |      10 |       0 |   0.0
        D:3 |      34 |      32 |  48.5 |       9 |       1 |  10.0
        D:4 |     115 |       4 |   3.4 |      12 |       2 |  14.3
        D:5 |     428 |     617 |  59.0 |      15 |       1 |   6.2
            +---------+---------+-------+---------+---------+-------
